Map: Terrasses de Prion

Players

zidar

  • Race: Zerg Zerg
  • League: Silver
  • Spawn Location: 11:00

acosmicjoke - Winner!

  • Race: Zerg Zerg
  • League: Gold
  • Spawn Location: 5:00

VOD

Have the link to the VOD?

Description

Time

  • Played on: Jan. 11, 2016, 2:54 p.m.
  • Length: 9:52
Show
View Real Time Build Order
Export as new Build Order

zidar Zerg 

Build Orders: Pool First 

Get SALT Encoding   

  12  0:02  Drone  
  13  0:12  Overlord  
  13  0:17  Drone  
  14  0:30  Drone x2  
  14  0:34  Drone  
  17  0:46  Spawning Pool  
  17  0:48  Drone  
  17  1:12  Hatchery  
  17  1:14  Drone  
  17  1:19  Extractor, Drone  
  17  1:24  Drone  
  18  1:31  Overlord  
  18  1:47  Zergling x2  
  19  1:58  Queen  
  21  2:05  Zergling x2  
  21  2:06  Zergling x2  
  23  2:17  Zergling x2  
  24  2:26  Queen  
  27  2:37  Zergling x8  
  30  2:53  Metabolic Boost  
  30  3:07  Zergling x6  
  30  3:08  Zergling x4  
  35  3:22  Zergling x2  
  35  3:26  Overlord x3  
  23  3:58  Roach Warren  
  22  4:06  Zergling x2  
  22  4:07  Zergling x18  
  21  4:42  Roach  
  21  4:43  Roach x5  
  25  4:49  Roach  
  27  4:58  Roach  
  29  5:17  Roach  
  29  5:18  Roach  
  33  5:31  Roach  
  33  5:36  Drone  
  34  6:20  Roach  
  34  6:21  Roach x3  
  42  6:33  Roach  
  44  6:42  Roach  
  46  6:53  Spine Crawler  
  45  7:16  Roach x2  
  49  7:29  Ravager x2  
  51  7:30  Ravager  
  51  7:31  Ravager  
  47  8:17  Roach x3  
  53  8:23  Ravager  
Show
View Real Time Build Order
Export as new Build Order

acosmicjoke Zerg - Winner!

Build Orders: Hatch First, Zergling Baneling 

Get SALT Encoding   

  12  0:02  Drone  
  13  0:18  Overlord  
  13  0:23  Drone  
  14  0:37  Drone x2  
  14  0:42  Drone  
  17  0:55  Hatchery  
  16  1:02  Drone x2  
  18  1:06  Extractor  
  17  1:19  Spawning Pool, Drone  
  17  1:24  Drone  
  18  1:34  Drone  
  19  1:47  Overlord  
  19  2:05  Queen  
  19  2:06  Zergling x4  
  19  2:08  Queen  
  23  2:10  Metabolic Boost  
  23  2:13  Drone  
  26  2:18  Drone  
  27  2:27  Drone  
  28  2:33  Baneling Nest, Drone  
  28  2:36  Drone  
  29  2:42  Zergling x4  
  31  2:50  Zergling x2  
  32  2:52  Overlord  
  32  3:05  Zergling x4  
  34  3:10  Queen  
  34  3:12  Zergling x2  
  37  3:13  Zergling x2  
  37  3:20  Baneling x2  
  37  3:21  Zergling x10  
  37  3:36  Zergling x6  
  39  3:42  Zergling x4  
  41  3:51  Zergling x4  
  41  3:58  Zergling x4  
  43  4:09  Overlord x2  
  43  4:13  Baneling x3  
  43  4:14  Baneling x3  
  43  4:18  Roach Warren  
  43  4:21  Drone  
  43  4:37  Zergling x14  
  43  4:38  Zergling x2  
  48  4:49  Baneling x4  
  48  4:53  Zergling x8  
  52  5:06  Zergling x4  
  50  5:15  Zergling x12  
  56  5:22  Evolution Chamber  
  56  5:23  Drone x2  
  57  5:36  Baneling x2  
  57  5:37  Baneling  
  57  5:41  Zergling x2  
  57  5:42  Zergling x4  
  60  5:48  Overlord x2  
  60  5:59  Overlord  
  60  6:09  Drone x5  
  65  6:15  Extractor  
  63  6:30  Zerg Melee Weapons Level 1  
  63  6:36  Drone x7  
  70  6:45  Roach  
  72  6:56  Spore Crawler  
  68  7:11  Zergling x2  
  68  7:12  Zergling x4  
  68  7:14  Roach x6  
  81  7:17  Overlord  
  81  7:21  Drone  
  81  7:22  Roach  
  82  7:34  Roach  
  82  7:36  Overlord x3  
  76  8:02  Roach x8  
  75  8:14  Roach x2  
  75  8:16  Evolution Chamber  
  78  8:23  Extractor  
  77  8:30  Roach x7  
  91  8:43  Roach x2  
  91  8:44  Roach x2  
  99  8:48  Overlord  
  99  9:02  Overlord  
  99  9:05  Ravager  
  94  9:24  Roach x4  
Tags
 
Add a new tag
Caveats
  • Supply blocks, unpowered buildings, or Contaminate may cause inaccurate times.
  • Supply counts are checked every 10 seconds.